 Dungeon Crawl Stone Soup version 0.31-a0-818-ge7c7cf74f0 (webtiles) character file.

Game seed: 7437645385910639220

13475 Kurtz the Cleaver (level 12, 0/74 HPs)
             Began as an Octopode Fighter on Sept 23, 2023.
             Was a High Priest of Okawaru.
             Slain by a wraith (8 damage)
             ... on level 10 of the Dungeon.
             The game lasted 00:26:30 (12611 turns).

Kurtz the Cleaver (Octopode Fighter)               Turns: 12611, Time: 00:26:31

Health: 0/74       AC:  5    Str: 15    XL:     12   Next: 6%
Magic:  12/12      EV: 15    Int: 14    God:    Okawaru [*****.]
Gold:   411        SH: 11    Dex: 15    Spells: 11/11 levels left

rFire   . . .        V - +2 war axe (venom)
rCold   . . .        a - +0 kite shield
rNeg    + + .        r - +0 hat
rPois   +            L - amulet "Xallo" {RegenMP rPois Int+2 Slay+3}
rElec   .            o - +4 ring of protection
rCorr   .            l - ring of positive energy
SInv    +            x - ring of positive energy
Will    .....        z - ring of see invisible
Stlth   ++           (no ring)
HPRegen 0.32/turn    (no ring)
MPRegen 0.53/turn    (no ring)
                     (no ring)

%: no passive effects
@: hasted and slowed
A: almost no armour, amphibious, 8 rings, camouflage 1, gelatinous body 1,
(nimble swimmer 1), tentacles, frail 1
a: Renounce Religion, Heroism, Finesse, Duel


You were on level 10 of the Dungeon.
You worshipped Okawaru.
Okawaru was extremely pleased with you.
You visited 1 branch of the dungeon, and saw 11 of its levels.

You collected 546 gold pieces.
You spent 135 gold pieces at shops.

Inventory:

Hand Weapons
 v - a +2 flail of holy wrath
 J - a +1 whip of flaming
 N - a +4 flail
 V - a +2 war axe of venom (weapon)
Missiles
 b - 2 boomerangs
 s - 4 poisoned darts (quivered)
 P - 2 curare-tipped darts
Armour
 a - a +0 kite shield (worn)
 r - a +0 hat (worn)
 I - an orb of light
Jewellery
 l - a ring of positive energy (right tentacle)
 o - a +4 ring of protection (left tentacle)
 x - a ring of positive energy (on tentacle)
 z - a ring of see invisible (on tentacle)
 E - a ring of ice
 L - the amulet "Xallo" (around mantle) {RegenMP rPois Int+2 Slay+3}
   (You found it on level 8 of the Dungeon)

   [amulet of magic regeneration]

   RegenMP:   It increases your rate of magic regeneration.
   Int+2:     It affects your intelligence (+2).
   Slay+3:    It affects your accuracy & damage with ranged weapons and melee
   (+3).
   rPois:     It protects you from poison
 M - an amulet of regeneration
 S - the amulet "Axtatet" {Faith -Tele rElec rF+ rCorr}
   (You took it off a gnoll on level 10 of the Dungeon)

   [amulet of faith]

   Faith:     It allows you to gain divine favour quickly.
   rF+:       It protects you from fire.
   rElec:     It insulates you from electricity.
   -Tele:     It prevents most forms of teleportation.
   rCorr:     It protects you from acid and corrosion.
Wands
 t - a wand of paralysis (1)
 K - a wand of flame (7)
Scrolls
 d - 16 scrolls of identify
 e - 7 scrolls of teleportation
 f - 3 scrolls of silence {unknown}
 g - a scroll of enchant weapon {unknown}
 h - 4 scrolls of poison {unknown}
 k - 2 scrolls of blinking {unknown}
 m - 2 scrolls of amnesia {unknown}
 q - 2 scrolls of noise {unknown}
 w - 3 scrolls of vulnerability {unknown}
 y - 3 scrolls of revelation {unknown}
 B - a scroll of fog {unknown}
 D - a scroll of immolation {unknown}
 Q - 2 scrolls of fear
 R - a scroll of brand weapon {unknown}
 T - a scroll of torment {unknown}
Potions
 c - 2 potions of might
 i - 3 potions of curing {unknown}
 j - 4 potions of haste
 n - a potion of degeneration {unknown}
 p - 3 potions of lignification {unknown}
 u - 2 potions of heal wounds {unknown}
 A - 3 potions of enlightenment {unknown}
 C - 2 potions of attraction {unknown}
 F - a potion of experience {unknown}
 G - a potion of brilliance {unknown}
 H - 2 potions of mutation {unknown}
 O - a potion of invisibility {unknown}
 U - a potion of berserk rage {unknown}


   Skills:
 - Level 8.3 Fighting
 - Level 14.1 Axes
 - Level 7.6 Dodging
 * Level 8.5 Shields


You had 11 spell levels left.
You didn't know any spells.
Your spell library contained the following spells:

 Spells                   Type           Power      Damage    Failure   Level
 Sandblast                Erth           0%         2d4       56%         1
 Blink                    Tloc           0%         N/A       71%         2
 Ensorcelled Hibernation  Hex/Ice        0%         N/A       71%         2
 Jinxbite                 Hex            0%         N/A       71%         2
 Passwall                 Tmut/Erth      0%         N/A       71%         2
 Ignite Poison            Fire/Tmut/Pois 0%         N/A       91%         3
 Stone Arrow              Conj/Erth      0%         3d7       91%         3
 Anguish                  Hex/Necr       0%         N/A       100%        4
 Brom's Barrelling Bould  Conj/Erth      0%         2d3       100%        4
 Manifold Assault         Tloc           0%         N/A       100%        4
 Dispersal                Tloc           0%         N/A       100%        6
 Plasma Beam              Fire/Air       0%         2x1d10    100%        6
 Disjunction              Tloc           0%         N/A       100%        8
 Fire Storm               Conj/Fire      0%         5d1       100%        9


Dungeon Overview and Level Annotations

Branches:
Dungeon (11/15)            Temple (0/1) D:7            Lair (0/5) D:9
    Orc (0/2) D:10

Altars:
Gozag
Hepliaklqana
Kikubaaqudgha
Makhleb
Okawaru
Qazlal
Trog
Vehumet

Shops:
D:9 =   D:10 ?

Annotations:
D:8 exclusion: downstairs


Innate Abilities, Weirdness & Mutations

You cannot wear most types of armour.
You are amphibious.
You can wear up to eight rings at the same time.
Your skin changes colour to match your surroundings (Stealth+).
Your rubbery body absorbs attacks. (AC +1, EV +1)
((You are camouflaged when in or above water. (Stealth+)))
You have tentacles for arms and can constrict up to eight enemies at once.
You are frail. (-10% HP)


Message History

The centaur warrior zombie kicks you but does no damage.
You block the centaur warrior zombie's attack.
The centaur warrior zombie kicks you but does no damage.
You enter the deep water.
You block the centaur warrior zombie's attack. x2
You block the howler monkey zombie's attack.
The centaur warrior zombie barely misses you.
The centaur warrior zombie misses you.
You open the door.
The howler monkey zombie hits you but does no damage.
You block the wraith's attack. The wraith closely misses you.
You block the howler monkey zombie's attack.
There is an open door here.
The wraith attacks as it pursues you! You block the wraith's attack.
The wraith hits you but does no damage.
There is a stone staircase leading up, spattered with blood here.
Things that are here:
a +0 giant club; a +0 giant club
Okay, then.
The wraith hits you!
* * * LOW HITPOINT WARNING * * *
The wraith drains your vigour!
You feel as though you will be slow longer.
You climb upwards.
There is a stone staircase leading down here.
Okay, then.
You gain the combat prowess of a mighty hero.
The wraith completely misses you. The wraith hits you!
* * * LOW HITPOINT WARNING * * *
The wraith drains your vigour!
You feel as though you will be slow longer.
Okay, then.
It was a potion of haste.
You feel yourself speed up. You block the wraith's attack.
Okay, then.
The wraith attacks as it pursues you! The wraith closely misses you.
You feel like a meek peon again. The wraith attacks as it pursues you!
The wraith barely misses you. The wraith attacks as it pursues you!
The wraith hits you!
You die...

........##......).##..#####......
####....#............##.........[
# ##.............#..##.∩........
########..........##.##......#...
..................##..#####..####
.###............####...###...##..
#####......##...####.........#..#
#...##....<.###.##.####.....##..#
#...##.....## #.@.......######..#
#)..##.....####.W..##..#####.....
#'))#...<...##............#......
.†...............#....##.##.....#
................##...###.##......
.............#..##.### #.........
............###.##.######........
.....................##..........
#######..................>.......


You could see a wraith.

Vanquished Creatures
  A boulder beetle (D:11)
  2 two-headed ogres
  Pikel (D:7)
  An ugly thing (D:11)
  2 centaur zombies (D:11)
  Joseph (D:9)
  3 kobold demonologists (D:10)
  A troll (D:10)
  2 hornets (D:10)
  2 meliai zombies (D:11)
  3 shadows
  4 wraiths (D:11)
  A basilisk (D:9)
  3 yaks
  5 wyverns
  Eustachio (D:6)
  A steam dragon (D:9)
  Edmund (D:4)
  Menkaure (D:7)
  An acid dragon (D:9)
  6 water moccasins
  Duvessa (D:5)
  3 orc warriors
  2 sky beasts
  A black bear (D:7)
  An ice beast (D:5)
  An ogre (D:6)
  A wolf (D:10)
  5 centaurs
  A phantom (D:5)
  2 lemures (D:7)
  3 kobold brigands
  Blork the orc (D:4)
  3 bullfrogs
  3 gnoll sergeants
  4 scorpions
  9 wights
  Dowan (D:5)
  8 killer bees (D:10)
  8 howler monkeys
  3 jellies (D:7)
  An orc priest (D:11)
  7 hounds
  3 gnoll boudas
  3 sleepcaps
  Natasha (thrice) (D:4)
  Ijyb (D:4)
  6 iguanas
  3 orc wizards
  2 human simulacra (D:10)
  25 gnolls
  3 adders
  2 shadow imps (D:6)
  3 dart slugs (D:1)
  8 orcs
  6 endoplasms
  4 giant cockroaches
  6 goblins
  4 hobgoblins (D:2)
  3 jackals (D:10)
  A quokka (D:1)
  7 ball pythons
  4 bats
  3 frilled lizards
  17 kobolds
  3 rats
232 creatures vanquished.

Notes
Turn   | Place    | Note
-------+----------+-------------------------------------------
     0 | D:1      | Kurtz the Octopode Fighter began the quest for the Orb.
     0 | D:1      | Reached XP level 1. HP: 16/16 MP: 1/1
   132 | D:1      | Reached XP level 2. HP: 16/21 MP: 2/2
   215 | D:1      | Reached skill level 3 in Axes
   412 | D:1      | Reached XP level 3. HP: 26/26 MP: 3/3
  1140 | D:2      | Reached skill level 4 in Axes
  1191 | D:2      | Reached XP level 4. HP: 31/31 MP: 4/4
  1717 | D:3      | Found a stormy altar of Qazlal.
  1846 | D:3      | Found a bloodstained altar of Trog.
  2088 | D:3      | Found an ancient bone altar of Kikubaaqudgha.
  2090 | D:3      | Found a burning altar of Makhleb.
  2115 | D:3      | Found a radiant altar of Vehumet.
  2174 | D:4      | Noticed Ijyb
  2174 | D:4      | Paralysed by Ijyb for 4 turns
  2182 | D:4      | Paralysed by Ijyb for 5 turns
  2191 | D:4      | Killed Ijyb
  2222 | D:4      | Reached skill level 5 in Axes
  2222 | D:4      | Reached XP level 5. HP: 35/36 MP: 5/5
  2407 | D:4      | Noticed Natasha
  2412 | D:4      | Killed Natasha
  2448 | D:4      | Noticed Edmund
  2458 | D:4      | Killed Edmund
  2459 | D:4      | Reached skill level 6 in Axes
  2459 | D:4      | Reached XP level 6. HP: 9/42 MP: 6/6
  2681 | D:4      | Found an iron altar of Okawaru.
  2698 | D:4      | Became a worshipper of Warmaster Okawaru
  2960 | D:4      | Noticed Natasha
  2963 | D:4      | Noticed Blork the orc
  2965 | D:4      | Killed Natasha
  2966 | D:4      | Reached skill level 7 in Axes
  2972 | D:4      | Killed Blork the orc
  2973 | D:4      | Reached XP level 7. HP: 39/46 MP: 7/7
  3098 | D:5      | Entered Level 5 of the Dungeon
  3383 | D:5      | Reached skill level 8 in Axes
  3670 | D:5      | Got a sparkling book
  3685 | D:5      | Reached * piety under Okawaru
  3686 | D:5      | Reached skill level 9 in Axes
  3686 | D:5      | Reached XP level 8. HP: 52/52 MP: 8/8
  3772 | D:5      | Noticed Duvessa
  3773 | D:5      | Noticed Dowan
  3779 | D:5      | Killed Duvessa
  3785 | D:5      | Killed Dowan
  3795 | D:4      | Noticed Natasha
  3950 | D:4      | Killed Natasha
  4226 | D:5      | Reached skill level 10 in Axes
  5094 | D:6      | Noticed Eustachio
  5102 | D:6      | Killed Eustachio
  5102 | D:6      | Reached ** piety under Okawaru
  5103 | D:6      | Reached skill level 11 in Axes
  5497 | D:7      | Reached XP level 9. HP: 43/56 MP: 9/9
  5817 | D:7      | Found a staircase to the Ecumenical Temple.
  6046 | D:7      | Reached skill level 12 in Axes
  6169 | D:7      | Found an opulent altar of Gozag.
  6266 | D:7      | Noticed Menkaure
  6271 | D:7      | Killed Menkaure
  6597 | D:7      | Reached *** piety under Okawaru
  6770 | D:7      | Noticed Pikel
  6793 | D:7      | Killed Pikel
  6972 | D:8      | Reached skill level 13 in Axes
  7186 | D:8      | Found a hazy altar of Hepliaklqana.
  7286 | D:8      | Identified the amulet "Xallo" {RegenMP rPois Int+2 Slay+3}
  7331 | D:8      | Reached XP level 10. HP: 63/63 MP: 10/10
  8149 | D:9      | Noticed Joseph
  8294 | D:9      | Reached **** piety under Okawaru
  8460 | D:9      | Killed Joseph
  8461 | D:9      | Reached skill level 5 in Fighting
  8687 | D:9      | Found Lan Siac's Jewellery Shop.
  8825 | D:9      | Reached skill level 5 in Dodging
  8833 | D:9      | Reached ***** piety under Okawaru
  9022 | D:9      | Found a staircase to the Lair.
  9350 | D:9      | Reached XP level 11. HP: 72/74 MP: 11/11
  9482 | D:10     | Entered Level 10 of the Dungeon
  9515 | D:10     | Received a gift from Okawaru
  9802 | D:10     | Found the +7 Kryia's mail coat {PotionHeal*2 rC+}
 10178 | D:10     | Reached skill level 5 in Shields
 10250 | D:10     | Found a staircase to the Orcish Mines.
 10511 | D:10     | Found Jaevuy's Magic Scroll Shop.
 10524 | D:10     | Bought a scroll of teleportation for 45 gold pieces
 10524 | D:10     | Bought a scroll of identify for 30 gold pieces
 10524 | D:10     | Bought a scroll of fear for 60 gold pieces
 10724 | D:10     | Paralysed by a hornet for 1 turns
 10767 | D:10     | Identified the amulet "Axtatet" {Faith -Tele rElec rF+
                  | rCorr}
 11307 | D:10     | Noticed a two-headed ogre
 11335 | D:10     | Gained mutation: You are frail. (-10% HP) [a neqoxec]
 11337 | D:10     | Reached skill level 14 in Axes
 11348 | D:10     | Killed a two-headed ogre
 12373 | D:11     | Noticed a green ugly thing
 12399 | D:11     | Noticed a two-headed ogre
 12407 | D:11     | Killed a two-headed ogre
 12473 | D:11     | Received a gift from Okawaru
 12516 | D:11     | Killed a green ugly thing
 12542 | D:11     | Noticed a boulder beetle
 12550 | D:11     | Killed a boulder beetle
 12551 | D:11     | Reached XP level 12. HP: 74/74 MP: 12/12
 12597 | D:10     | HP: 3/74 [wraith (12)]
 12611 | D:10     | Slain by a wraith

Illustrated notes

Levels and vault maps discovered:
D:1:      minmay_arrival_doors, layout_loops_ring, serial_bayou_lagoon_b
D:2:      layout_basic
D:3:      layout_basic, old_standard_altar, nicolae_overflow_hidden_temple
D:4:      layout_loops_ring, okawaru_ov_weapons_minmay, kennysheep_small_spiral,
          uniq_edmund, uniq_natasha, uniq_ijyb, uniq_blork_the_orc
D:5:      layout_basic, uniq_duvessa
D:6:      layout_loops_corners, chequers_big_river, uniq_eustachio
D:7:      layout_basic, mainiacjoe_overflow_tiny_flanked,
          minmay_temple_entry_large_hall, hex_medium, uniq_pikel, uniq_menkaure
D:8:      layout_cave_pods, marbit_many_paths
D:9:      layout_roguey, minmay_lair_entry_grove, serial_shops,
          nicolae_shop_crystal, uniq_joseph
D:10:     layout_cave_pools, orc_0_dummy, serial_gnoll_camp,
          gnoll_camp_mini_shop, gnoll_camp_mini_doghouse,
          gnoll_camp_mini_sergeant, gnoll_camp_mini_doghouse, st_stairs_9,
          bh_circular_ruins
D:11:     layout_roguey, serial_undead, serial_undead_f, serial_undead_c,
          serial_undead_f, serial_undead_d, kennysheep_small_circle

Skill      XL: |  1  2  3  4  5  6  7  8  9 10 11 |
---------------+----------------------------------+-----
Axes           | 3 4 5 6 7 9 11 13 14 | 14.1
Fighting       | 4 6 8 |  8.3
Dodging        | 5 7 |  7.6
Shields        | 4 8 |  8.5

Action                     |  1- 3 |  4- 6 |  7- 9 | 10-12 || total
---------------------------+-------+-------+-------+-------++-------
  Melee: War axe           |    62 |    40 |       |    87 ||   189
         Constrict         |    17 |    16 |    47 |    63 ||   143
         Tentacles         |     9 |    12 |    56 |   109 ||   186
         Punch             |       |     2 |     3 |     9 ||    14
         Flail             |       |    17 |   174 |   285 ||   476
         Whip              |       |       |    13 |     3 ||    16
  Throw: Dart              |       |     5 |    20 |    37 ||    62
         Throwing net      |       |       |       |     1 ||     1
 Invoke: Heroism           |       |       |       |     4 ||     4
  Evoke: Wand              |       |     1 |     3 |    15 ||    19
    Use: Potion            |       |       |       |     1 ||     1
   Stab: Sleeping          |     3 |     1 |    11 |       ||    15
         Paralysed         |       |       |     5 |    15 ||    20
 Armour: Skin              |    19 |    22 |    76 |   243 ||   360
  Dodge: Dodged            |    31 |    29 |    87 |   248 ||   395
  Block: Buckler           |    20 |     7 |    31 |    71 ||   129
         Kite shield       |       |       |       |    51 ||    51

Table legend: (Time is in decaauts)
 A = Elapsed time spent in this place.
 B = Non-inter-level travel time spent in this place.
 C = Inter-level travel time spent in this place.
 D = Time resting spent in this place.
 E = Time spent auto-exploring this place.
 F = Levels seen in this place.
 G = Mean time per level.
                   A        B        C        D        E       F      G
               +--------+--------+--------+--------+--------+-----+--------+
         Total |  12679 |  11846 |    833 |   3060 |   6012 |  11 | 1152.6 |
       Dungeon |  12679 |  11846 |    833 |   3060 |   6012 |  11 | 1152.6 |
               +--------+--------+--------+--------+--------+-----+--------+

Top non-repeatable levels by time:
    D:10: 2007 daAuts
     D:9: 1745 daAuts
     D:7: 1311 daAuts
     D:8: 1234 daAuts
     D:6: 1210 daAuts
     D:5: 1111 daAuts
     D:4: 1024 daAuts
     D:1: 997 daAuts
     D:2: 738 daAuts
    D:11: 726 daAuts
     D:3: 571 daAuts
